 Dungeon Crawl Stone Soup version 0.21-a0-630-g344d3514eb (webtiles) character file.

4 4tharraofdagon the Firebug (level 1, -2/10 HPs)
             Began as a Tengu Fire Elementalist on Dec 26, 2017.
             Hit by a tomahawk thrown by an orc (4 damage)
             ... on level 3 of the Dungeon.
             The game lasted 00:00:39 (114 turns).

4tharraofdagon the Firebug (Tengu Fire Elementalist) Turns: 114, Time: 00:00:40

Health: -2/10      AC:  2    Str:  8    XL:     1   Next: 70%
Magic:  1/4        EV: 12    Int: 15    God:
Gold:   6          SH:  0    Dex: 14    Spells: 3/4 levels left

rFire    . . .     SeeInvis .   d - +0 short sword
rCold    . . .     Gourm    .   (no shield)
rNeg     . . .     Faith    .   a - +0 robe
rPois    .         Spirit   .   (helmet restricted)
rElec    .         Reflect  .   (no cloak)
rCorr    .         Harm     .   (no gloves)
MR       .....                  (boots unavailable)
Stlth    ++........             (no amulet)
HPRegen  0.03/turn              (no ring)
MPRegen  0.09/turn              (no ring)

@: no status effects
A: beak, talons 3
a: no special abilities


You were on level 3 of the Dungeon.
You were not hungry.

You visited 1 branch of the dungeon, and saw 3 of its levels.

You collected 6 gold pieces.

Inventory:

Hand Weapons
 d - a +0 short sword (weapon)
Armour
 a - a +0 robe (worn)
Scrolls
 f - a scroll of enchant weapon {unknown}
Potions
 e - a potion of ambrosia {unknown}
Books
 b - a book of Flames

   Spells                             Type                      Level
   a - Flame Tongue                   Conjuration/Fire             1
   b - Throw Flame                    Conjuration/Fire             2
   c - Conjure Flame                  Conjuration/Fire             3
   d - Inner Flame                    Hexes/Fire                   3
   e - Sticky Flame                   Conjuration/Fire             4
   f - Fireball                       Conjuration/Fire             5
Comestibles
 c - 3 rations


   Skills:
 - Level 2.1 Dodging
 - Level 2.0 Stealth
 + Level 2.0 Spellcasting
 * Level 1.8 Conjurations
 * Level 3.4 Fire Magic


You had 3 spell levels left.
You knew the following spells:

 Your Spells              Type           Power        Failure   Level  Hunger
a - Flame Tongue          Conj/Fire      #....        8%          1    #......


Dungeon Overview and Level Annotations

Branches:
Dungeon (3/15)

Altars:

Annotations:
D:2 Terence


Innate Abilities, Weirdness & Mutations

You have a beak for a mouth.
You have claws for feet.


Message History

Unknown command.
Unknown command.
You barely miss the rat. Your kick misses the rat. Your peck misses the rat.
The rat closely misses you. The orc hits you with a whip.
* * * LOW HITPOINT WARNING * * *
Unknown command.
Unknown command.
A giant cockroach comes into view.
The adder hisses angrily.
The rat misses you.
Unknown command.
An orc comes into view. It is wielding a club.
The orc shouts!
The orc throws a tomahawk.
The tomahawk hits you but does no damage.
The rat closely misses you.
There is a stone staircase leading down here.
Unknown command.
The orc throws a tomahawk.
The tomahawk hits you.
You die...

.###.....##
.......... ...
......... .....
.......# # .....
#.....# .#....#
#.?...###.#....#
..##...S.##.#.....#.
.......@.'.#%#.....#
..##....r##..o..#.#
#.....#......o#
##....o##.....#.#
.......o..#'#.#.#
..#########.#.#.#.#
s .......<#.#.#.#.#
.........#.#.#.#.
........#.#.#.#.#


You could see an adder, 3 orcs, a giant cockroach (sleeping) and a rat.

Vanquished Creatures
  An adder zombie (D:3)
  A bat (D:1)
2 creatures vanquished.

Notes
Turn   | Place    | Note
-------+----------+-------------------------------------------
     0 | D:1      | 4tharraofdagon the Tengu Fire Elementalist began the quest for the Orb.
     0 | D:1      | Reached XP level 1. HP: 10/10 MP: 4/4
    26 | D:1      | You fall through a shaft!
    43 | D:2      | Noticed Terence
   107 | D:3      | Noticed an orc wizard
   114 | D:3      | Hit by a tomahawk thrown by an orc

Vault maps used:
D:1:      minmay_arrival_radiant_lines
D:2:      minmay_small_reverse_x, uniq_terence
D:3:      amethyst_overflow_temple_binary, first_ration

Action                   || total
-------------------------++-------
Melee: Short sword       ||     1
 Cast: Flame Tongue      ||     5
Armor: Robe              ||     3
Dodge: Dodged            ||     5

Table legend:
 A = Spawn XP
 B = Non-spawn XP
 C = Spawn XP percentage of total XP
 D = Spawn monster count
 E = Non-spawn monster count
 F = Spawn count percentage of total count
 G = Total turns spent on level
                    A         B        C        D         E        F      G
               +---------+---------+-------+---------+---------+-------+---------
         Total |       0 |       7 |   0.0 |       0 |       2 |   0.0 |   114
               +---------+---------+-------+---------+---------+-------+---------
           D:1 |       0 |       1 |   0.0 |       0 |       1 |   0.0 |    26
           D:3 |       0 |       6 |   0.0 |       0 |       1 |   0.0 |    32
               +---------+---------+-------+---------+---------+-------+---------

Vault maps used:
D:1:      minmay_arrival_radiant_lines
D:2:      minmay_small_reverse_x, uniq_terence
D:3:      amethyst_overflow_temple_binary, first_ration
